 Dungeon Crawl Stone Soup version 0.30-a0-719-gcc4359ea44 (webtiles) character file.

Game seed: 12079853990507664447

19 Newt the Ducker (level 2, -8/22 HPs)
             Began as a Demonspawn Gladiator on Jan 26, 2023.
             Mangled by a gnoll
             ... wielding a +0 flail
              (9 damage)
             ... on level 2 of the Dungeon.
             The game lasted 00:00:48 (820 turns).

Newt the Ducker (Demonspawn Gladiator)               Turns: 820, Time: 00:00:48

Health: -8/22      AC:  4    Str: 14    XL:     2   Next: 55%
Magic:  2/2        EV: 12    Int:  9    God:
Gold:   56         SH:  0    Dex: 14    Spells: 1/1 levels left

rFire   . . .      SeeInvis .    a - +0 rapier
rCold   . . .      Faith    .    (no shield)
rNeg    . . .      Spirit   .    b - +0 leather armour
rPois   .          Reflect  .    c - +0 helmet
rElec   .          Harm     .    (no cloak)
rCorr   .          Rampage  .    (no gloves)
Will    .....                    (no boots)
Stlth   ++                       (no amulet)
HPRegen 0.23/turn                (no ring)
MPRegen 0.08/turn                (no ring)

@: no status effects
A: powered by death 1
a: no special abilities


You were on level 2 of the Dungeon.
You visited 1 branch of the dungeon, and saw 2 of its levels.

You collected 56 gold pieces.

Inventory:

Hand Weapons
 a - a +0 rapier (weapon)
Missiles
 d - 3 throwing nets (quivered)
 i - a poisoned dart
Armour
 b - a +0 leather armour (worn)
 c - a +0 helmet (worn)
Jewellery
 h - a ring of ice
Potions
 g - a potion of mutation {unknown}
 j - 2 potions of heal wounds {unknown}
 k - a potion of curing {unknown}
 l - a potion of magic {unknown}


   Skills:
 + Level 2.3 Fighting
 - Level 2.6 Short Blades
 - Level 1.7 Throwing
 - Level 2.6 Dodging
 - Level 2.0 Stealth


You had one spell level left.
You didn't know any spells.
Your spell library contained the following spells:

 Spells                   Type           Power      Damage    Failure   Level
 Necrotise                Necr           0%         1d4       45%         1
 Vampiric Draining        Necr           0%         2d6       83%         3
 Agony                    Necr           0%         N/A       100%        5


Dungeon Overview and Level Annotations

Branches:
Dungeon (2/15)

Altars:


Innate Abilities, Weirdness & Mutations

You regenerate a little health from kills.


Message History

A gnoll comes into view. It is wielding a +0 spear.
The kobold throws a stone.
The stone hits you but does no damage.
A gnoll comes into view. It is wielding a +0 flail.
The kobold closely misses you.
The gnoll shouts!
You puncture the kobold!
You kill the kobold!
Found a blue potion.
The gnoll hits you with a +0 club.
You hit the gnoll but do no damage. The gnoll hits you but does no damage.
The gnoll barely misses you.
You barely miss the gnoll. The gnoll closely misses you.
The gnoll hits you with a +0 club. The gnoll barely misses you.
You hit the gnoll but do no damage. The gnoll closely misses you. x2
The gnoll hits you with a +0 flail!
You are too injured to fight recklessly!
There are monsters nearby!
There are monsters nearby!
You are too injured to fight recklessly!
The gnoll attacks as you move away! The gnoll closely misses you.
You see here a scroll labelled PUAS GUDWUESE.
You see here a ruby potion.
The gnoll attacks as you move away! The gnoll barely misses you.
Throw: javelin
Press: ? - help, Shift-Dir - straight line, f - gnoll
Aim: a gnoll, wielding a +0 club (63% to hit)
You throw a javelin.
The javelin pierces through the gnoll but does no damage.
The javelin closely misses the gnoll.
The javelin pierces through the gnoll.
The gnoll is moderately wounded.
The javelin pierces through the gnoll.
The gnoll is heavily wounded.
The gnoll hits you with a +0 club!
* * * LOW HITPOINT WARNING * * *
Throw: 2 darts (poison)
Press: ? - help, Shift-Dir - straight line, f/p - gnoll
Aim: a gnoll, wielding a +0 club (63% to hit)
You throw a poisoned dart. The poisoned dart hits the gnoll.
The gnoll is poisoned.
The gnoll hits you with a +0 flail!
You die...

....####..)...... ###
......g#.(.#############..
#g..................#
........#?..............##
.....####.##......#####...
!... #g........# #### ###
#g#.......# #g#.......#
#@#.......# ####......#
#......# #......# #......#
#......# ########


You could see 3 gnolls.

Vanquished Creatures
  2 endoplasms (D:1)
  4 goblins
  A hobgoblin (D:1)
  2 quokkas (D:1)
  2 ball pythons (D:1)
  2 bats (D:1)
  A frilled lizard (D:1)
  3 kobolds
  A rat (D:1)
18 creatures vanquished.

Notes
Turn   | Place    | Note
-------+----------+-------------------------------------------
     0 | D:1      | Newt the Demonspawn Gladiator began the quest for the Orb.
     0 | D:1      | Reached XP level 1. HP: 16/16 MP: 1/1
    89 | D:1      | Reached skill level 1 in Stealth
   271 | D:1      | Gained mutation: You regenerate a little health from kills.
                  | [demonic ancestry]
   271 | D:1      | Reached XP level 2. HP: 12/22 MP: 2/2
   819 | D:2      | HP: 1/22 [gnoll/+0 club (8)]
   820 | D:2      | Mangled by a gnoll

Illustrated notes

Levels and vault maps discovered:
D:1:      amcnicky_arrival_abandoned_market, layout_basic
D:2:      layout_rooms, hellmonk_ecumenical_altar_pennies_from_heaven

Skill      XL: |  1  2 |
---------------+-------+-----
Stealth        | 1 2 |  2.0
Fighting       | |  2.3
Short Blades   | |  2.6
Throwing       | |  1.7
Dodging        | |  2.6

Action                     || total
---------------------------++-------
  Melee: Rapier            ||    75
         Punch             ||     3
  Throw: Throwing net      ||     2
         Dart              ||     1
         Javelin           ||     1
    Use: Scroll            ||     3
   Stab: Sleeping          ||     1
 Armour: Leather armour    ||    45
  Dodge: Dodged            ||    92

Table legend: (Time is in decaauts)
 A = Elapsed time spent in this place.
 B = Non-inter-level travel time spent in this place.
 C = Inter-level travel time spent in this place.
 D = Time resting spent in this place.
 E = Time spent auto-exploring this place.
 F = Levels seen in this place.
 G = Mean time per level.
                   A        B        C        D        E       F      G
               +--------+--------+--------+--------+--------+-----+--------+
         Total |    824 |    782 |     42 |      0 |    599 |   2 |  412.0 |
       Dungeon |    824 |    782 |     42 |      0 |    599 |   2 |  412.0 |
               +--------+--------+--------+--------+--------+-----+--------+

Top non-repeatable levels by time:
     D:1: 739 daAuts
     D:2: 84 daAuts
